 Dungeon Crawl Stone Soup version 0.18-a0-1484-g95ebbe1 (webtiles) character file.

8404 MenacingMecha the Severer (level 11, -5/127 HPs)
             Began as a Hill Orc Berserker on Mar 3, 2016.
             Was a High Priest of Trog.
             Slain by a swamp worm (11 damage)
             ... on level 1 of the Lair of Beasts.
             The game lasted 00:47:01 (12939 turns).

MenacingMecha the Severer (Hill Orc Berserker)     Turns: 12939, Time: 00:47:01

Health: -5/127     AC: 19    Str: 28    XL:     11   Next: 30%
Magic:  11/11      EV: 14    Int:  8    God:    Trog [*****.]
Gold:   891        SH:  0    Dex: 10    Spells: 0 memorised, 10 levels left

rFire  . . .     SeeInvis .     a - +0 war axe
rCold  + . .     Gourm    .     N - +0 pearl dragon armour
rNeg   + . .     Faith    .     (no shield)
rPois  .         Spirit   .     (helmet restricted)
rElec  .         Dismiss  .     w - +1 cloak
rCorr  .         Reflect  .     J - +1 pair of gloves
SustAt .         Harm     .     y - +0 pair of boots
MR     .....                    (no amulet)
Stlth  ..........               (no ring)
                                v - ring of flight

@: berserking, very quick, not resistant to hostile enchantments, extremely
unstealthy
A: horns 1, repulsion field 1, cold resistance 1, frail 1
a: Berserk, Trog's Hand, Brothers in Arms, Burn Spellbooks, Renounce Religion,
Evoke Flight


You were on level 1 of the Lair of Beasts.
You worshipped Trog.
Trog was extremely pleased with you.
You were hungry.

You visited 2 branches of the dungeon, and saw 11 of its levels.
You also visited: Ossuary.

You collected 891 gold pieces.

Inventory:

Hand Weapons
 a - a +0 war axe (weapon)
 b - a +0 shortbow of velocity
Missiles
 e - 2 steel javelins (quivered)
 o - 2 javelins
 u - 9 tomahawks
 B - 8 javelins of penetration
 Q - 26 arrows of flame
 T - 42 arrows
 V - 31 arrows of frost
Armour
 w - a +1 cloak (worn)
 y - a +0 pair of boots (worn)
 z - a +0 plate armour
 E - a +1 chain mail of cold resistance
 J - a +1 pair of gloves (worn)
 N - a +0 pearl dragon armour (worn)
Jewellery
 v - a ring of flight (left hand)
Wands
 d - a wand of iceblast (8/15)
 A - a wand of confusion (10/48)
 F - a wand of lightning (14/15)
 G - a wand of flame (34/48)
 K - a wand of teleportation (7/9)
 L - a wand of slowing (28/48)
 O - a wand of flame (19/48)
 R - a wand of polymorph (14/24)
Scrolls
 f - a scroll of summoning {unknown}
 h - a scroll of blinking
 i - 12 scrolls of identify
 j - 4 scrolls of enchant armour
 l - 4 scrolls of remove curse
 m - 2 scrolls of fear
 n - a scroll of recharging
 p - a scroll of fog
 r - 4 scrolls of teleportation
 C - a scroll of amnesia {unknown}
 U - a scroll of enchant weapon
Potions
 k - a potion of resistance
 q - a potion of might
 s - a potion of invisibility
 t - 3 potions of berserk rage
 x - a potion of agility
 D - a potion of curing
 M - 2 potions of cure mutation {unknown}
 S - a potion of haste {unknown}
Books
 H - a book of Beasts

   Spells                             Type                      Level
   a - Summon Butterflies             Summoning                    1
   b - Call Canine Familiar           Summoning                    3
   c - Summon Ice Beast               Ice/Summoning                4
   d - Summon Mana Viper              Hexes/Summoning              5
   e - Summon Hydra                   Summoning                    7
   Trog disapproves of the use of such an item.
Comestibles
 c - 5 bread rations
 g - 3 meat rations
 I - 23 fruits
 P - 2 royal jellies
 W - 12 chunks of flesh


   Skills:
 + Level 8.6 Fighting
 - Level 16.0 Axes
 + Level 2.8 Bows
 + Level 7.3 Armour
 + Level 5.4 Dodging


You had 10 spell levels left.
You didn't know any spells.

Dungeon Overview and Level Annotations

Branches:
Dungeon (10/15)            Temple (0/1) D:5            Lair (1/8) D:8
    Orc (0/2) D:9

Altars:
Ashenzari
Dithmenos
Fedhas
Kikubaaqudgha
Makhleb
Nemelex Xobeh
Pakellas
Vehumet
Xom

Shops:
D:10 :

Annotations:
D:10 hill giant


Innate Abilities, Weirdness & Mutations

You have a pair of small horns on your head.
You are surrounded by a mild repulsion field (EV +2).
Your flesh is cold resistant.
You are frail (-10% HP).


Message History

The swamp worm bites you but does no damage.
A red film seems to cover your vision as you go berserk!
You feel yourself moving faster!
You feel mighty!
You are feeling hungry.
The swamp worm barely misses you.
The swamp worm bites you but does no damage.
Your unstable footing causes you to fumble your attack.
Your unstable footing causes you to fumble your attack.
The swamp worm bites you!
* * * LOW HITPOINT WARNING * * *
You closely miss the swamp worm. You headbutt the swamp worm!
The swamp worm is severely wounded.
You hit the plant but do no damage.
The plant is almost destroyed.
You hit the swamp worm.
The swamp worm is almost dead.
You hit the plant.
The plant is almost destroyed.
The swamp worm bites you!
You die...

####.....#######..### #####
#......# ##.#### #. #P....##
#.#..# #. ##P..P# #....##### #.
###.## ###...#P#≈# ###' #...##
####≈≈(≈≈≈≈≈#### #...
##...###..≈≈≈≈≈≈≈≈≈≈≈≈# #...
####.#....†≈†≈#######≈≈≈###...
#PP#...#.#.≈≈@#≈≈≈≈≈##≈≈..'...
####......###≈≈≈Pww≈≈≈≈$#≈≈###...
.....##.### ##≈≈P#≈≈≈≈≈##≈≈# #...
.P####..# #≈≈≈#######≈≈≈# #...
### ##.# ##≈≈≈≈≈≈≈≈≈≈≈P# #.>.
#..# ##.≈≈≈≈≈≈≈..## #.>. #..#
##....#.#.######.. #####.#######
###......# #.###.
##.##..##P##.#####.##...## ##....


You could see 2 swamp worms.

Vanquished Creatures
  Pikel (D:7)
  A black mamba (Lair:1)
  2 spiny frogs (Lair:1)
  A troll (D:9)
  Sigmund (D:6)
  4 yaks (D:9)
  A hungry ghost (D:8)
  A hippogriff (D:9)
  Edmund (D:6)
  3 swamp worms (Lair:1)
  3 water moccasins
  7 orc warriors
  2 porcupines (Lair:1)
  2 sky beasts
  A slave (D:7)
  2 ice beasts
  7 ogres
  3 centaurs
  A crocodile (Lair:1)
  2 big kobolds (D:7)
  4 giant frogs
  Blork the orc (D:4)
  A water moccasin skeleton (D:8)
  10 killer bees
  4 crimson imps
  A giant frog zombie (D:9)
  3 giant frog skeletons (D:6)
  7 hounds
  2 jellies
  2 human zombies (Ossuary)
  A centaur skeleton (D:4)
  6 orc priests
  Jessica (D:3)
  7 worker ants
  3 iguanas
  10 orc wizards
  2 killer bee zombies
  A hound zombie (Ossuary)
  4 mummies (Ossuary)
  4 gnolls (D:7)
  13 adders
  5 river rats (Lair:1)
  A shadow imp (D:7)
  An ooze (D:2)
  An adder skeleton (D:5)
  15 worms
  5 dart slugs
  3 giant geckos
  59 orcs
  7 bats
  3 giant cockroaches
  12 goblins
  4 hobgoblins
  A jackal (D:3)
  4 quokkas
  3 ball pythons
  3 giant gecko skeletons
  A giant gecko zombie (D:6)
  5 giant newts
  2 goblin zombies (Ossuary)
  5 hobgoblin zombies (Ossuary)
  A jackal skeleton (D:4)
  12 kobolds
  An orc zombie (Ossuary)
  2 quokka skeletons
  A quokka zombie (D:6)
  10 rats
  A rat zombie (Ossuary)
  A fungus (Lair:1)
302 creatures vanquished.

Vanquished Creatures (collateral kills)
  A vampire (D:8)
1 creature vanquished.

Vanquished Creatures (others)
  A slave (D:7)
  A worker ant (D:7)
  A fungus (D:6)
  2 plants (Lair:1)
5 creatures vanquished.

Grand Total: 308 creatures vanquished

Notes
Turn   | Place    | Note
--------------------------------------------------------------
     0 | D:1      | MenacingMecha the Hill Orc Berserker began the quest for the Orb.
     0 | D:1      | Reached XP level 1. HP: 19/19 MP: 1/1
   398 | D:1      | Reached XP level 2. HP: 26/26 MP: 2/2
   597 | D:1      | Reached skill level 5 in Axes
  1186 | D:2      | Reached XP level 3. HP: 19/31 MP: 3/3
  1790 | D:2      | Reached skill level 6 in Axes
  1938 | D:2      | Reached XP level 4. HP: 31/39 MP: 4/4
  2228 | D:2      | Reached ** piety under Trog
  2764 | D:3      | Reached skill level 7 in Axes
  2764 | D:3      | Reached XP level 5. HP: 45/45 MP: 5/5
  2945 | D:3      | Noticed Jessica
  2953 | D:3      | Killed Jessica
  3071 | D:3      | Reached skill level 8 in Axes
  3216 | D:3      | Reached *** piety under Trog
  3488 | D:4      | Reached XP level 6. HP: 51/51 MP: 6/6
  3618 | D:4      | Noticed Blork the orc
  3638 | D:4      | Killed Blork the orc
  3638 | D:4      | Reached skill level 9 in Axes
  3929 | D:4      | Reached skill level 10 in Axes
  3929 | D:4      | Reached XP level 7. HP: 41/57 MP: 7/7
  4477 | D:5      | Entered Level 5 of the Dungeon
  4491 | D:5      | Found a staircase to the Ecumenical Temple.
  4550 | D:5      | Received a gift from Trog
  5083 | D:5      | Reached skill level 11 in Axes
  5449 | D:5      | Found a shattered altar of Ashenzari.
  5450 | D:5      | Found a shimmering altar of Xom.
  5450 | D:5      | Found an ancient bone altar of Kikubaaqudgha.
  5450 | D:5      | Found a shadowy altar of Dithmenos.
  5457 | D:5      | Found an oddly glowing altar of Pakellas.
  5462 | D:5      | Found a burning altar of Makhleb.
  5526 | D:5      | Reached XP level 8. HP: 64/64 MP: 8/8
  5733 | D:5      | Reached skill level 12 in Axes
  5844 | D:5      | Found a sparkling altar of Nemelex Xobeh.
  6071 | D:6      | Reached **** piety under Trog
  6350 | D:6      | Reached skill level 13 in Axes
  6555 | D:6      | Noticed Edmund
  6568 | D:6      | Killed Edmund
  6568 | D:6      | Reached skill level 14 in Axes
  6572 | D:6      | Reached XP level 9. HP: 70/70 MP: 9/9
  6700 | D:6      | Noticed Sigmund
  6709 | D:6      | Killed Sigmund
  6908 | D:6      | Gained mutation: You are frail (-10% HP). [potion of mutation]
  6908 | D:6      | Gained mutation: You have a pair of small horns on your head. [potion of mutation]
  6908 | D:6      | Gained mutation: You are surrounded by a mild repulsion field (EV +2). [potion of mutation]
  7113 | D:7      | Noticed Pikel
  7125 | D:7      | Killed Pikel
  7125 | D:7      | Reached skill level 5 in Fighting
  7218 | D:7      | Found a sand-covered staircase.
  7230 | Ossuary  | Entered an ossuary
  8153 | D:7      | Reached ***** piety under Trog
  8172 | D:7      | Reached skill level 5 in Armour
  8451 | D:7      | Gained mutation: Your flesh is cold resistant. [potion of beneficial mutation]
  8465 | D:7      | Reached XP level 10. HP: 74/74 MP: 10/10
  8685 | D:8      | Received a gift from Trog
  9263 | D:8      | Found a staircase to the Lair.
  9419 | D:8      | Found a blossoming altar of Fedhas.
 10027 | D:9      | Reached skill level 15 in Axes
 10809 | D:9      | Found a radiant altar of Vehumet.
 10809 | D:9      | Found a blossoming altar of Fedhas.
 10870 | D:9      | Reached skill level 16 in Axes
 11045 | D:9      | Reached skill level 1 in Bows
 11068 | D:9      | Received a gift from Trog
 11138 | D:9      | Found a staircase to the Orcish Mines.
 11529 | D:10     | Entered Level 10 of the Dungeon
 11529 | D:10     | Found Isupn's Book Shoppe.
 11538 | D:10     | Reached XP level 11. HP: 84/84 MP: 11/11
 11549 | D:10     | Noticed a hill giant
 11712 | Lair:1   | Entered Level 1 of the Lair of Beasts
 11723 | Lair:1   | Reached skill level 5 in Dodging
 12937 | Lair:1   | HP: 6/127 [swamp worm (16)]
 12939 | Lair:1   | Slain by a swamp worm

Vault maps used:
D:1:      enne_arrival_octagon_isle
D:2:      st_stairs_2
D:3:      first_bread, minmay_vboxes, uniq_jessica
D:4:      kennysheep_spiral_hall, uniq_blork_the_orc
D:5:      kennysheep_big_flooded_room, minmay_overflow_temple_hex,
          nemelex_lonely_heart_becter
D:6:      minmay_gold_behind_fungi, uniq_sigmund, uniq_edmund
D:7:      nicolae_ossuary_entry_ruins, uniq_pikel
D:8:      lair_0_dummy, hangedman_tree_tricks
D:9:      gammafunk_temple_overflow_elements, david_orc_4
D:10:     basic_altar, serial_shops, shop_statue
Lair:1:   worms_lemuel
Ossuary:  ossuary_minmay_tomb_2a

Skill      XL: |  1  2  3  4  5  6  7  8  9 10 11 |
---------------+----------------------------------+-----
Axes           | 5 6 7 8 10 11 14 16 | 16.0
Fighting       | 6 7 8 |  8.6
Dodging        | 3 4 5 |  5.4
Armour         | 5 6 7 |  7.3
Bows           | 1 2 |  2.8

Action                   |  1- 3 |  4- 6 |  7- 9 | 10-12 || total
-------------------------+-------+-------+-------+-------++-------
Melee: Hand axe          |   137 |   197 |   545 |   101 ||   980
       War axe           |       |       |       |   285 ||   285
 Fire: Shortbow          |       |       |       |   116 ||   116
Throw: Tomahawk          |       |       |     3 |     1 ||     4
       Javelin           |       |       |     5 |     5 ||    10
Invok: Berserk           |     1 |     4 |     9 |     3 ||    17
       Trog's Hand       |       |       |       |     2 ||     2
       Brothers in Arms  |       |       |       |     1 ||     1
  Use: Scroll            |       |       |    12 |       ||    12
       Potion            |       |       |    11 |       ||    11
 Stab: Distracted        |       |       |     1 |       ||     1
  Eat: Chunk             |     4 |    10 |    14 |    13 ||    41
       Meat ration       |       |       |     2 |       ||     2
       Pizza             |       |       |     1 |     2 ||     3
       Beef jerky        |       |       |       |     1 ||     1
